 Dungeon Crawl Stone Soup version 0.30-a0-757-ga6a79fd877 (webtiles) character file.

Game seed: 8746184974069938972

37 dolemite99 the Magician (level 3, 0/25 HPs)
             Began as a Djinni Hedge Wizard on Feb 10, 2023.
             Was a Follower of Okawaru.
             Slain by an endoplasm (2 damage)
             ... on level 2 of the Dungeon.
             The game lasted 00:02:39 (1685 turns).

dolemite99 the Magician (Djinni Hedge Wizard)       Turns: 1685, Time: 00:02:39

Health: 0/25       AC:  2    Str:  9    XL:     3   Next: 60%
Gold:   85         EV: 12    Int: 17    God:    Okawaru [*.....] SH:  0 Dex: 12

rFire   + + .      SeeInvis .    e - +0 trident
rCold   x . .      Faith    .    (no shield)
rNeg    . . .      Spirit   .    b - +0 robe
rPois   ∞          Reflect  .    c - +0 hat
rElec   .          Harm     .    (no cloak)
rCorr   .          Rampage  .    (no gloves)
Will    .....                    (boots unavailable)
Stlth   ++                       (no amulet)
HPRegen 0.24/turn                (no ring)
MPRegen 0.00/turn                (no ring)

@: flying
A: sickness immunity, fire resistance 2, cold vulnerability 1, float, innate
caster, HP casting, extra vitality 1
a: Renounce Religion, Heroism


You were on level 2 of the Dungeon.
You worshipped Okawaru.
Okawaru was aware of your devotion.
You visited 1 branch of the dungeon, and saw 2 of its levels.

You collected 85 gold pieces.

Inventory:

Hand Weapons
 a - a +0 dagger
 e - a +0 trident (weapon)
Armour
 b - a +0 robe (worn)
 c - a +0 hat (worn)
Scrolls
 f - 2 scrolls of identify {unknown}
 g - a scroll of blinking {unknown}
 h - a scroll of immolation {unknown}
Potions
 d - a potion of magic


   Skills:
 - Level 2.1 Dodging
 - Level 1.5 Stealth
 + Level 3.4 Spellcasting


You couldn't memorise any spells.
You knew the following spells:

 Your Spells              Type           Power      Damage    Failure   Level
a - Magic Dart            Conj           56%        1d5       4%          1
b - Foxfire               Conj/Fire      56%        2x1d6     4%          1
c - Blink                 Tloc           28%        N/A       6%          2
d - Call Imp              Summ           14%        N/A       6%          2
e - Mephitic Cloud        Conj/Pois/Air  14%        N/A       12%         3
f - Slow                  Hex            56%        N/A       4%          1
Your spell library was empty.

Dungeon Overview and Level Annotations

Branches:
Dungeon (2/15)

Altars:
Okawaru


Innate Abilities, Weirdness & Mutations

You are immune to sickness and miasma.
You are immune to poison.
Your flesh is very heat resistant. (rF++)
You are vulnerable to cold. (rC-)
You float through the air rather than walking.
You learn spells naturally, not from books.
Your magical power is your life essence.
You have superior vitality. (+4 MHP)


Message History

Aim: a worm (heavily wounded, 100% to hit)
The magic dart hits the worm.
The worm is severely wounded.
Casting: Magic Dart (safe; 4% risk of failure)
Confirm with . or Enter, or press ? or * to list all spells.
Aiming: Magic Dart (safe; 4% risk of failure)
Press: ? - help, Shift-Dir - straight line, f/p - worm
Aim: a worm (heavily wounded, 100% to hit)
The magic dart hits the worm.
The worm is severely wounded.
Casting: Magic Dart (safe; 4% risk of failure)
Confirm with . or Enter, or press ? or * to list all spells.
Aiming: Magic Dart (safe; 4% risk of failure)
Press: ? - help, Shift-Dir - straight line, f/p - worm
Aim: a worm (severely wounded, 100% to hit)
The magic dart hits the worm.
You kill the worm!
Okawaru accepts your kill. The endoplasm freezes you.
You are frozen!
You feel a terrible chill!
Casting: Magic Dart (safe; 4% risk of failure)
Confirm with . or Enter, or press ? or * to list all spells.
Aiming: Magic Dart (safe; 4% risk of failure)
Press: ? - help, Shift-Dir - straight line, f - endoplasm
Aim: an endoplasm (100% to hit)
The magic dart hits the endoplasm.
The endoplasm is lightly wounded.
The endoplasm freezes you.
You are frozen!
You feel a terrible chill!
* * * LOW HITPOINT WARNING * * *
Casting: Magic Dart (safe; 4% risk of failure)
Confirm with . or Enter, or press ? or * to list all spells.
Aiming: Magic Dart (safe; 4% risk of failure)
Press: ? - help, Shift-Dir - straight line, f/p - endoplasm
Aim: an endoplasm (lightly wounded, 100% to hit)
The magic dart hits the endoplasm.
The endoplasm is heavily wounded.
* * * LOW HITPOINT WARNING * * *
The endoplasm hits you.
You die...

#.. .$.## ?# .#..# ...
.##.# .##.######.##.#
........#..##.#
#...(.J.###.###
#.##.@†.......####
##.....#####.#....#
##...†..#####.####....#
#....).................>
#........####.#####w....
#........# #.# .####
.>#...<..## #.# .#
#........# #.# #
#........# #.#


You could see an endoplasm.

Vanquished Creatures
  A worm (D:2)
  2 dart slugs (D:1)
  2 ball pythons (D:1)
  3 bats (D:1)
  An endoplasm (D:1)
  3 goblins
  7 jackals (D:1)
  4 kobolds (D:1)
  2 frilled lizards
  3 rats (D:1)
28 creatures vanquished.

Vanquished Creatures (others)
  7 foxfires (D:1)
7 creatures vanquished.

Grand Total: 35 creatures vanquished

Notes
Turn   | Place    | Note
-------+----------+-------------------------------------------
     0 | D:1      | dolemite99 the Djinni Hedge Wizard began the quest for the
                  | Orb.
     0 | D:1      | dolemite99 set off with the following spells memorised:
                  | Magic Dart, Slow, Blink, Call Imp, Mephitic Cloud.
     0 | D:1      | Reached XP level 1. HP: 15/15 MP: 0/0
   167 | D:1      | Reached XP level 2. HP: 19/21 MP: 0/0
   300 | D:1      | Reached skill level 3 in Spellcasting
   506 | D:1      | Reached XP level 3. HP: 9/25 MP: 0/0
   506 | D:1      | Learned a level 1 spell: Foxfire
  1429 | D:1      | Found a faded altar of an unknown god.
  1441 | D:1      | Prayed at the altar of an unknown god.
  1441 | D:1      | Became a worshipper of Warmaster Okawaru
  1441 | D:1      | Reached * piety under Okawaru
  1685 | D:2      | Slain by an endoplasm

Illustrated notes

Levels and vault maps discovered:
D:1:      evilmike_arrival_grusome_pit, layout_basic, basic_ecumenical_altar
D:2:      layout_rooms

Skill      XL: |  1  2 |
---------------+-------+-----
Spellcasting   | 3 |  3.4
Dodging        | |  2.1
Stealth        | |  1.5

Action                     || total
---------------------------++-------
  Melee: Dagger            ||     1
         Trident           ||    24
   Cast: Magic Dart        ||    53
         Slow              ||     1
         Foxfire           ||     4
    Use: Scroll            ||     1
   Stab: Sleeping          ||     1
 Armour: Robe              ||     7
  Dodge: Dodged            ||    28

Table legend: (Time is in decaauts)
 A = Elapsed time spent in this place.
 B = Non-inter-level travel time spent in this place.
 C = Inter-level travel time spent in this place.
 D = Time resting spent in this place.
 E = Time spent auto-exploring this place.
 F = Levels seen in this place.
 G = Mean time per level.
                   A        B        C        D        E       F      G
               +--------+--------+--------+--------+--------+-----+--------+
         Total |   1691 |   1677 |     14 |    666 |    753 |   2 |  845.5 |
       Dungeon |   1691 |   1677 |     14 |    666 |    753 |   2 |  845.5 |
               +--------+--------+--------+--------+--------+-----+--------+

Top non-repeatable levels by time:
     D:1: 1640 daAuts
     D:2: 50 daAuts
